 Dungeon Crawl Stone Soup version 0.24.1-14-gf8d2b509d9 (console) character file.

Game seed: 13473864664760065050, levelgen mode: deterministic

112014 Kagalorn the Protected (level 16, 0/128 HPs)
             Began as a Gnoll Wanderer on Feb 27, 2021.
             Was the Champion of Cheibriados.
             Slain by a water elemental (7 damage)
             ... on level 2 of the Shoals on Mar 1, 2021.
             The game lasted 01:05:52 (27271 turns).

Kagalorn the Protected (Gnoll Wanderer)            Turns: 27271, Time: 01:05:53

Health: 0/128      AC: 32    Str: 31    XL:     16   Next: 59%
Magic:  25/30      EV: 17    Int: 35    God:    Cheibriados [******]
Gold:   1636       SH: 20    Dex: 30    Spells: 23/36 levels left

rFire    + . .     SeeInvis +   a - +4 scimitar (flame)
rCold    . . .     Gourm    .   I - +2 shield
rNeg     . . .     Faith    .   P - +2 plate armour {rF+}
rPois    .         Spirit   .   T - +2 helmet
rElec    .         Reflect  +   X - +2 cloak of Docvyuno {+Fly MR+ SInv}
rCorr    .         Harm     .   K - +0 pair of gloves
MR       ++...                  x - +2 pair of boots {Fly}
Stlth    +.........             n - +3 amulet of reflection
HPRegen  0.31/turn              i - +3 ring of protection
MPRegen  0.22/turn              L - ring of wizardry

@: flying, very slow
A: distributed training, fangs 1, strong nose
a: Bend Time, Temporal Distortion, Slouch, Step From Time, Renounce Religion,
Stop Flying


You were on level 2 of the Shoals.
You worshipped Cheibriados.
Cheibriados was exalted by your worship.
You were not hungry.

You visited 5 branches of the dungeon, and saw 26 of its levels.
You also visited: Gauntlet.

You collected 2376 gold pieces.
You spent 740 gold pieces at shops.

Inventory:

Hand Weapons
 a - a +4 scimitar of flaming (weapon)
 b - a +0 hand crossbow
Missiles
 q - 5 throwing nets (quivered)
 s - 247 bolts
 w - 16 javelins
 Y - 14 silver javelins
Armour
 x - a +2 pair of boots of flying (worn)
 I - a +2 shield (worn)
 K - a +0 pair of gloves (worn)
 P - a +2 plate armour of fire resistance (worn)
 T - a +2 helmet (worn)
 X - the +2 cloak of Docvyuno (worn) {+Fly MR+ SInv}
   (You found it in a Gauntlet)

   It affects your resistance to hostile enchantments.
   It lets you see invisible.
   It lets you fly.
Magical Staves
 Q - an uncursed staff of fire
Jewellery
 i - a +3 ring of protection (left hand)
 n - a +3 amulet of reflection (around neck)
 r - an uncursed ring of ice
 L - a ring of wizardry (right hand)
 S - an uncursed ring of protection from fire
Wands
 g - a wand of paralysis (13)
 p - a wand of clouds (11)
 B - a wand of acid (37)
 C - a wand of scattershot (7)
 D - a wand of polymorph (6)
 F - a wand of flame (39)
 M - a wand of iceblast (7)
Scrolls
 e - 4 scrolls of blinking
 h - 3 scrolls of fear
 j - 2 scrolls of fog
 m - 13 scrolls of remove curse
 o - 4 scrolls of magic mapping
 t - 4 scrolls of amnesia
 u - 10 scrolls of teleportation
 y - 6 scrolls of enchant weapon
 A - 2 scrolls of enchant armour
 O - 2 scrolls of identify
 R - a scroll of summoning
 V - a scroll of silence
Potions
 c - a potion of magic
 d - 3 potions of brilliance
 k - a potion of lignification
 v - 14 potions of curing
 z - 2 potions of heal wounds
 E - 7 potions of flight
 G - 4 potions of cancellation
 H - 3 potions of agility
 J - a potion of mutation
 U - a potion of might
 Z - a potion of invisibility
Miscellaneous
 l - a phantom mirror
 W - a box of beasts
Comestibles
 f - 37 rations


   Skills:
 + Level 12.3 Fighting
 + Level 10.7 Short Blades
 + Level 10.7 Long Blades
 + Level 11.0 Axes
 + Level 10.7 Maces & Flails
 + Level 10.7 Polearms
 + Level 10.7 Staves
 + Level 10.7 Slings
 + Level 11.0 Bows
 + Level 10.7 Crossbows
 + Level 10.7 Throwing
 + Level 12.3 Armour
 + Level 10.7 Dodging
 + Level 10.7 Stealth
 + Level 11.6 Shields
 + Level 10.7 Unarmed Combat
 + Level 10.7 Spellcasting
 + Level 9.1 Conjurations
 + Level 9.1 Hexes
 + Level 9.1 Charms
 + Level 9.1 Summonings
 + Level 9.1 Necromancy
 + Level 9.1 Translocations
 + Level 9.1 Transmutations
 + Level 9.1 Fire Magic
 + Level 9.1 Ice Magic
 + Level 9.1 Air Magic
 + Level 9.1 Earth Magic
 + Level 9.1 Poison Magic
 + Level 11.6 Invocations
 + Level 10.7 Evocations


You had 23 spell levels left.
You knew the following spells:

 Your Spells              Type           Power        Failure   Level  Hunger
c - Statue Form           Tmut/Erth      ######...    28%         6    ####...
h - Blink                 Tloc           N/A          1%          2    None
j - Silence               Hex/Air        ######....   6%          5    ##.....

Your spell library contained the following spells:

 Spells                   Type           Power        Failure   Level  Hunger
 Infusion                 Chrm           ####         1%          1    None
 Ensorcelled Hibernation  Hex/Ice        ######       1%          2    None
 Shroud of Golubria       Chrm/Tloc      ######       1%          2    None
 Song of Slaying          Chrm           ######..     1%          2    None
 Gell's Gravitas          Tloc           ######....   1%          3    None
 Lesser Beckoning         Tloc           ######....   1%          3    None
 Recall                   Summ/Tloc      N/A          1%          3    None
 Regeneration             Chrm/Necr      ######....   1%          3    None
 Spectral Weapon          Hex/Chrm       ######..     1%          3    None
 Teleport Other           Tloc           ######..     1%          3    None
 Leda's Liquefaction      Hex/Erth       ######....   1%          4    None
 Passage of Golubria      Tloc           N/A          1%          4    None
 Aura of Abjuration       Summ           ######....   6%          5    ##.....
 Bolt of Magma            Conj/Fire/Erth ######....   6%          5    ##.....
 Borgnjor's Vile Clutch   Necr/Erth      ######....   6%          5    ##.....
 Summon Demon             Summ           ######....   6%          5    ##.....
 Summon Forest            Summ/Tloc      ######....   6%          5    ##.....
 Summon Mana Viper        Hex/Summ       ######..     6%          5    ##.....
 Darkness                 Hex            ######....   28%         6    ####...
 Iron Shot                Conj/Erth      ######....   28%         6    ####...
 Shadow Creatures         Summ           N/A          28%         6    ####...
 Shatter                  Erth           ######....   100%        9    #######


Dungeon Overview and Level Annotations

Branches:
Dungeon (15/15)            Temple (1/1) D:6            Lair (6/6) D:10
 Shoals (2/4) Lair:2       Spider (0/4) Lair:3        Slime (0/5) Lair:6
    Orc (2/2) D:10            Elf (0/3) Orc:2        Vaults (0/5) D:14
 Depths (0/5) D:15        Gauntlet (visited)

Altars:
Ashenzari
Cheibriados
Dithmenos
Elyvilon
Fedhas
Gozag
Hepliaklqana
Kikubaaqudgha
Makhleb
Nemelex Xobeh
Okawaru
Qazlal
Ru
Sif Muna
Trog
Uskayaw
Vehumet
Wu Jian
Xom
Yredelemnul
Zin
The Shining One
Beogh
Jiyva

Shops:
D:4 (   D:10 ?   D:14 [   Orc:2 [%[}

Annotations:
Lair:3 exclusion: oklob plant


Innate Abilities, Weirdness & Mutations

Your experience applies equally to all skills.
You have very sharp teeth.
Your uncanny sense of smell can sniff out nearby items.


Message History

You feel somewhat more hungry.
The merfolk hits you but does no damage.
You block the snapping turtle's attack.
The merfolk throws a boomerang.
You reflect the boomerang off an invisible shield around you!
The boomerang barely misses the merfolk.
The weapon returns to the merfolk!
The merfolk throws a boomerang.
The boomerang hits you but does no damage.
The weapon returns to the merfolk!
The snapping turtle bites you but does no damage.
A water elemental comes into view.
The merfolk throws a boomerang.
You reflect the boomerang off an invisible shield around you!
The boomerang hits the merfolk!
The weapon returns to the merfolk!
You hit the snapping turtle. You burn the snapping turtle.
The snapping turtle is severely wounded.
You hit the snapping turtle but do no damage.
The snapping turtle is severely wounded.
The water elemental hits you!
You die...

≈≈≈. ....## #.≈ ....#
....## #?≈≈P
≈....##/...####.≈≈≈≈≈)P≈≈
≈≈≈........>.....≈≈≈≈P.≈≈
≈≈≈....≈......≈..≈≈≈.≈≈≈≈
≈≈≈....m......≈..≈≈≈#.≈≈≈
≈.≈≈...))t....≈..≈≈≈≈.(≈≈
≈≈≈≈≈..t##.†...#.^≈≈≈...≈
≈≈≈≈≈≈.>@......##..((≈≈≈[
≈≈≈≈≈≈.E...##((.)<()≈≈≈≈≈
≈≈≈≈≈≈≈≈....##..).≈≈≈≈≈≈≈
≈≈≈≈≈≈≈≈≈...((.(../.≈≈≈≈≈
≈≈≈≈≈≈≈≈≈≈....≈≈≈.≈.≈≈≈≈≈
≈≈≈≈≈≈≈≈≈....P.≈....≈≈≈≈≈
≈≈≈≈≈≈≈≈≈.P.P≈....##..≈≈≈
≈≈.≈≈≈P≈≈..≈≈.#### #.≈≈≈
≈P≈≈≈≈.## .≈≈≈


You could see a snapping turtle, a merfolk and a water elemental.

Vanquished Creatures
  Gastronok (Lair:2)
  Agnes (D:15)
  Azrael (D:14)
  A minotaur (Gauntlet)
  Snorg (Orc:1)
  A death ooze (Gauntlet)
  Fannar (D:11)
  Harold (Lair:1)
  Erolcha (Orc:1)
  9 hydras
  A catoblepas (D:15)
  2 ogre magi
  A death knight (D:10)
  A centaur warrior (D:13)
  2 merfolk aquamancers
  2 dancing weapons (D:14)
  11 two-headed ogres
  A merfolk avatar (Shoals:2)
  2 tengu warriors (D:14)
  5 orc high priests (Orc:2)
  A satyr (Shoals:1)
  Urug (Lair:1)
  A sea snake (shapeshifter) (D:15)
  A sixfirhy (Gauntlet)
  6 sea snakes
  4 unseen horrors
  2 harpies (shapeshifter) (D:15)
  A deep elf mage (D:15)
  9 orc knights
  An orc sorcerer (Orc:2)
  A wolf spider zombie (D:15)
  11 fauns
  6 ugly things
  17 slime creatures
  7 elephants
  5 manticores
  2 centaur zombies (D:13)
  4 merfolk sirens (Shoals:1)
  Maurice (D:13)
  A water nymph (Shoals:1)
  A black mamba (Lair:6)
  A gargoyle (D:10)
  23 spiny frogs
  2 centaur skeletons
  2 rime drakes
  A kobold demonologist (D:15)
  3 yaktaurs (D:13)
  A minotaur zombie (Gauntlet)
  A komodo dragon (Lair:3)
  9 trolls
  2 tyrant leeches (Lair:6)
  2 wind drakes (Shoals:1)
  A wolf spider simulacrum (Gauntlet)
  4 polar bears (Lair:3)
  2 hornets
  A snapping turtle (Shoals:1)
  26 blink frogs
  5 merfolk
  14 hippogriffs
  10 dream sheep
  3 shadows
  3 centaur simulacra (Gauntlet)
  16 yaks
  4 basilisks
  A wyvern (shapeshifter) (D:15)
  5 water elementals
  A vampire (D:13)
  7 wyverns
  3 wraiths
  2 fire elementals (D:14)
  A steam dragon (D:10)
  A hungry ghost (D:8)
  7 vampire mosquitoes
  2 soldier ants (D:14)
  A harpy simulacrum (Gauntlet)
  An acid dragon (D:12)
  12 water moccasins
  4 porcupines
  2 hell hounds (D:14)
  8 black bears
  A hornet zombie (D:14)
  6 ice beasts
  4 phantoms
  34 orc warriors
  A necrophage (D:6)
  7 sky beasts
  3 boggarts (D:15)
  11 ogres
  4 wolves
  15 centaurs
  8 crocodiles
  3 big kobolds
  23 bullfrogs
  3 gnoll sergeants (D:7)
  A wyvern zombie (D:8)
  A scorpion (D:10)
  12 wights
  3 electric eels (Lair:6)
  6 crimson imps
  4 howler monkeys
  10 hounds
  A bullfrog zombie (D:7)
  4 bullfrog skeletons
  4 gnoll shamans (D:7)
  3 jellies
  38 orc priests
  17 orc wizards
  4 iguanas
  5 hell rats (Lair:2)
  11 worker ants
  A killer bee zombie (D:10)
  A hound skeleton (D:10)
  A worker ant zombie (D:4)
  26 gnolls
  10 adders
  2 shadow imps
  2 ufetubi (Gauntlet)
  An ooze (D:6)
  3 worms
  An adder skeleton (D:6)
  2 dart slugs (D:2)
  7 leopard geckos
  73 orcs
  10 bats
  3 bat zombies (D:5)
  4 giant cockroaches
  11 goblins
  7 hobgoblins
  15 jackals
  7 quokkas
  A ball python (D:1)
  6 frilled lizards
  19 kobolds
  A quokka zombie (D:6)
  10 rats
  3 rat zombies (D:5)
  A bush (D:15)
  A plant (D:10)
799 creatures vanquished.

Vanquished Creatures (others)
  A faun (Shoals:1)
  A merfolk (Shoals:1)
  An orc warrior (Orc:2)
  An orc priest (Orc:1)
  2 orcs (Orc:1)
  2 bushes (D:15)
  8 fungi
  49 plants
65 creatures vanquished.

Grand Total: 864 creatures vanquished

Notes
Turn   | Place    | Note
-------+----------+-------------------------------------------
     0 | D:1      | Kagalorn the Gnoll Wanderer began the quest for the Orb.
     0 | D:1      | Kagalorn set off with the following items: a +0 club, a +0
                  | shortbow, 25 arrows, a +0 ring mail, a +0 shield, a ration
     0 | D:1      | Reached XP level 1. HP: 23/23 MP: 1/1
    56 | D:1      | You fall into a shaft and drop 1 floor!
   207 | D:1      | Reached XP level 2. HP: 25/29 MP: 2/2
   581 | D:2      | Reached XP level 3. HP: 34/35 MP: 3/3
   701 | D:2      | Reached skill level 1 in Invocations
   718 | D:2      | Reached skill level 1 in Short Blades
   718 | D:2      | Reached skill level 1 in Long Blades
   718 | D:2      | Reached skill level 1 in Maces & Flails
   718 | D:2      | Reached skill level 1 in Polearms
   718 | D:2      | Reached skill level 1 in Staves
   718 | D:2      | Reached skill level 1 in Slings
   718 | D:2      | Reached skill level 1 in Crossbows
   718 | D:2      | Reached skill level 1 in Throwing
   718 | D:2      | Reached skill level 1 in Dodging
   718 | D:2      | Reached skill level 1 in Stealth
   718 | D:2      | Reached skill level 1 in Unarmed Combat
   718 | D:2      | Reached skill level 1 in Spellcasting
   718 | D:2      | Reached skill level 1 in Evocations
   946 | D:1      | Reached XP level 4. HP: 29/41 MP: 5/5
  2065 | D:3      | Reached skill level 1 in Conjurations
  2065 | D:3      | Reached skill level 1 in Hexes
  2065 | D:3      | Reached skill level 1 in Charms
  2065 | D:3      | Reached skill level 1 in Summonings
  2065 | D:3      | Reached skill level 1 in Necromancy
  2065 | D:3      | Reached skill level 1 in Translocations
  2065 | D:3      | Reached skill level 1 in Transmutations
  2065 | D:3      | Reached skill level 1 in Fire Magic
  2065 | D:3      | Reached skill level 1 in Ice Magic
  2065 | D:3      | Reached skill level 1 in Air Magic
  2065 | D:3      | Reached skill level 1 in Earth Magic
  2065 | D:3      | Reached skill level 1 in Poison Magic
  2195 | D:3      | Noticed a bullfrog
  2204 | D:3      | Killed a bullfrog
  2204 | D:3      | Reached XP level 5. HP: 47/47 MP: 5/7
  2810 | D:3      | Found a blossoming altar of Fedhas.
  2984 | D:4      | Found a sacrificial altar of Ru.
  2984 | D:4      | Found a basalt altar of Yredelemnul.
  2985 | D:4      | Found a hazy altar of Hepliaklqana.
  3023 | D:4      | Found Leukuss's Antique Weapon Shop.
  3031 | D:4      | Found a snail-covered altar of Cheibriados.
  3055 | D:4      | Became a worshipper of Cheibriados the Contemplative
  3108 | D:4      | Noticed a centaur
  3116 | D:4      | Killed a centaur
  3116 | D:4      | Reached XP level 6. HP: 37/53 MP: 8/8
  3195 | D:4      | Reached skill level 5 in Shields
  3545 | D:5      | Entered Level 5 of the Dungeon
  3545 | D:5      | Noticed an ice beast
  3556 | D:4      | Killed an ice beast
  3556 | D:4      | Reached XP level 7. HP: 46/59 MP: 10/10
  3643 | D:5      | Reached * piety under Cheibriados
  4177 | D:5      | Reached XP level 8. HP: 60/67 MP: 12/12
  4221 | D:5      | Found a shadowy altar of Dithmenos.
  4409 | D:5      | Found an ancient bone altar of Kikubaaqudgha.
  4552 | D:6      | Found a staircase to the Ecumenical Temple.
  4589 | Temple   | Entered the Ecumenical Temple
  4728 | D:6      | Reached ** piety under Cheibriados
  5388 | D:7      | Reached *** piety under Cheibriados
  5442 | D:7      | Found a sparkling altar of Nemelex Xobeh.
  5449 | D:7      | Found a shimmering altar of Xom.
  5502 | D:7      | Reached XP level 9. HP: 71/72 MP: 14/14
  5834 | D:7      | Reached **** piety under Cheibriados
  5876 | D:7      | Reached skill level 5 in Axes
  5876 | D:7      | Reached skill level 5 in Bows
  6196 | D:7      | Found a burning altar of Makhleb.
  6390 | D:7      | Reached ***** piety under Cheibriados
  6559 | D:8      | Reached skill level 5 in Invocations
  6646 | D:8      | Reached XP level 10. HP: 77/80 MP: 15/17
  6653 | D:8      | Noticed a two-headed ogre
  6661 | D:8      | Killed a two-headed ogre
  6691 | D:8      | Reached skill level 5 in Short Blades
  6691 | D:8      | Reached skill level 5 in Long Blades
  6691 | D:8      | Reached skill level 5 in Maces & Flails
  6691 | D:8      | Reached skill level 5 in Polearms
  6691 | D:8      | Reached skill level 5 in Staves
  6691 | D:8      | Reached skill level 5 in Slings
  6691 | D:8      | Reached skill level 5 in Crossbows
  6691 | D:8      | Reached skill level 5 in Throwing
  6691 | D:8      | Reached skill level 5 in Dodging
  6691 | D:8      | Reached skill level 5 in Stealth
  6691 | D:8      | Reached skill level 5 in Unarmed Combat
  6691 | D:8      | Reached skill level 5 in Spellcasting
  6691 | D:8      | Reached skill level 5 in Evocations
  6694 | D:8      | Found an opulent altar of Gozag.
  7035 | D:8      | Found an ornate altar of the Wu Jian Council.
  8022 | D:9      | Found a stormy altar of Qazlal.
  8136 | D:9      | Reached ****** piety under Cheibriados
  8444 | D:10     | Entered Level 10 of the Dungeon
  8444 | D:10     | Noticed a gargoyle
  8454 | D:10     | Killed a gargoyle
  8454 | D:10     | Reached XP level 11. HP: 82/87 MP: 19/19
  8619 | D:10     | Noticed a death knight
  8620 | D:10     | Noticed an ogre mage
  8620 | D:10     | Noticed a cyan ugly thing
  8630 | D:10     | Killed a cyan ugly thing
  8663 | D:10     | Killed an ogre mage
  8663 | D:10     | Reached skill level 5 in Conjurations
  8663 | D:10     | Reached skill level 5 in Hexes
  8663 | D:10     | Reached skill level 5 in Charms
  8663 | D:10     | Reached skill level 5 in Summonings
  8663 | D:10     | Reached skill level 5 in Necromancy
  8663 | D:10     | Reached skill level 5 in Translocations
  8663 | D:10     | Reached skill level 5 in Transmutations
  8663 | D:10     | Reached skill level 5 in Fire Magic
  8663 | D:10     | Reached skill level 5 in Ice Magic
  8663 | D:10     | Reached skill level 5 in Air Magic
  8663 | D:10     | Reached skill level 5 in Earth Magic
  8663 | D:10     | Reached skill level 5 in Poison Magic
  9027 | D:10     | Killed an unseen horror
  9202 | D:10     | Found Fabuskeo's Magic Scroll Emporium.
  9209 | D:10     | Bought 2 scrolls of identify for 56 gold pieces
  9209 | D:10     | Bought a scroll of fear for 49 gold pieces
  9209 | D:10     | Bought a scroll of identify for 28 gold pieces
  9209 | D:10     | Bought a scroll of identify for 28 gold pieces
  9209 | D:10     | Bought a scroll of summoning for 133 gold pieces
  9209 | D:10     | Bought a scroll of remove curse for 42 gold pieces
  9284 | D:10     | Found a staircase to the Orcish Mines.
  9352 | D:10     | Found a staircase to the Lair.
  9497 | D:10     | Killed a death knight
  9548 | D:10     | Learned a level 2 spell: Blink
 10130 | D:11     | Noticed a two-headed ogre
 10138 | D:11     | Killed a two-headed ogre
 10214 | D:11     | Noticed a seven-headed hydra
 10224 | D:11     | Killed a three-headed hydra
 10224 | D:11     | Reached XP level 12. HP: 60/96 MP: 20/22
 10365 | D:11     | Learned a level 5 spell: Silence
 10446 | D:11     | Noticed Fannar
 10459 | D:11     | Killed Fannar
 11147 | D:12     | Noticed a two-headed ogre
 11152 | D:12     | Killed a two-headed ogre
 11177 | D:12     | Found a glowing silver altar of Zin.
 11886 | D:13     | Noticed a centaur warrior
 11892 | D:13     | Killed a centaur warrior
 11923 | D:13     | Noticed a two-headed ogre
 11929 | D:13     | Killed a two-headed ogre
 12294 | Lair:1   | Entered Level 1 of the Lair of Beasts
 12294 | Lair:1   | Found a gate leading to a gauntlet.
 12306 | Gauntlet | Entered a Gauntlet
 12306 | Gauntlet | Found a transporter.
 12306 | Gauntlet | Found a transporter.
 12306 | Gauntlet | Found a transporter.
 12310 | Gauntlet | Found a transporter.
 12310 | Gauntlet | Found a transporter.
 12310 | Gauntlet | Found a transporter.
 12320 | Gauntlet | Found a transporter.
 12324 | Gauntlet | Found a transporter.
 12339 | Gauntlet | Found a transporter.
 12341 | Gauntlet | Noticed a catoblepas
 12358 | Gauntlet | Found a transporter.
 12362 | Gauntlet | Found a transporter.
 12434 | Gauntlet | Noticed a death ooze
 12448 | Gauntlet | Found a transporter.
 12593 | Gauntlet | Killed a death ooze
 12593 | Gauntlet | Reached skill level 10 in Fighting
 12593 | Gauntlet | Reached skill level 10 in Armour
 12613 | Gauntlet | Got an encrusted cloak
 12624 | Gauntlet | Identified the +2 cloak of Docvyuno {+Fly MR+ SInv} (You
                  | found it in a Gauntlet)
 12911 | Gauntlet | Identified the +10 shortbow "Rirhuczoubb" {velocity, Dex+3}
 12911 | Gauntlet | Noticed a minotaur
 12927 | Gauntlet | Killed a minotaur
 12945 | Gauntlet | Got an ancient plate armour
 12957 | Gauntlet | Identified the +2 plate armour of the Big Bang {rF+ MR-
                  | MP+9 Str+3 SInv} (You found it in a Gauntlet)
 13071 | Lair:1   | Reached XP level 13. HP: 93/102 MP: 24/24
 13100 | Lair:1   | Noticed Harold
 13119 | Lair:1   | Killed Harold
 13483 | Lair:1   | Noticed Urug
 13501 | Lair:1   | Killed Urug
 14064 | Lair:2   | Found a staircase to the Shoals.
 14275 | Lair:2   | Noticed Gastronok
 14295 | Lair:2   | Killed Gastronok
 14582 | Lair:3   | Found a hole to the Spider Nest.
 16765 | Lair:5   | Reached XP level 14. HP: 110/110 MP: 26/26
 17425 | Lair:6   | Entered Level 6 of the Lair of Beasts
 17504 | Lair:6   | Reached skill level 10 in Shields
 17834 | Lair:6   | Reached skill level 10 in Invocations
 18710 | Lair:6   | Found a viscous altar of Jiyva.
 18710 | Lair:6   | Found a staircase to the Slime Pits.
 19993 | D:13     | Noticed Maurice
 20329 | D:13     | Killed Maurice
 20374 | D:13     | Reached XP level 15. HP: 107/118 MP: 28/28
 20412 | D:13     | Learned a level 5 spell: Summon Mana Viper
 20689 | D:14     | Learned a level 6 spell: Statue Form
 20711 | D:14     | Reached skill level 10 in Axes
 20711 | D:14     | Reached skill level 10 in Bows
 20753 | D:14     | Noticed Azrael
 20775 | D:14     | Killed Azrael
 21045 | D:14     | You are sucked into a shaft and drop 1 floor!
 21045 | D:15     | Entered Level 15 of the Dungeon
 21295 | D:14     | Found Joffat's Antique Armour Emporium.
 21489 | D:14     | Found a gate to the Vaults.
 21678 | D:15     | Found a blossoming altar of Fedhas.
 22073 | D:15     | Noticed Agnes
 22083 | D:15     | Killed Agnes
 22439 | D:15     | Reached skill level 10 in Short Blades
 22439 | D:15     | Reached skill level 10 in Long Blades
 22439 | D:15     | Reached skill level 10 in Maces & Flails
 22439 | D:15     | Reached skill level 10 in Polearms
 22439 | D:15     | Reached skill level 10 in Staves
 22439 | D:15     | Reached skill level 10 in Slings
 22439 | D:15     | Reached skill level 10 in Crossbows
 22439 | D:15     | Reached skill level 10 in Throwing
 22439 | D:15     | Reached skill level 10 in Dodging
 22439 | D:15     | Reached skill level 10 in Stealth
 22439 | D:15     | Reached skill level 10 in Unarmed Combat
 22439 | D:15     | Reached skill level 10 in Spellcasting
 22439 | D:15     | Reached skill level 10 in Evocations
 23003 | D:15     | Found a staircase to the Depths.
 23243 | Orc:1    | Entered Level 1 of the Orcish Mines
 23280 | Orc:1    | Noticed Erolcha
 23287 | Orc:1    | Killed Erolcha
 23292 | Orc:1    | Noticed Snorg
 23302 | Orc:1    | Killed Snorg
 23921 | Orc:1    | Found a roughly hewn altar of Beogh.
 24022 | Orc:2    | Entered Level 2 of the Orcish Mines
 24208 | Orc:2    | Found a staircase to the Elven Halls.
 24491 | Orc:2    | Found a roughly hewn altar of Beogh.
 24883 | Orc:2    | Reached XP level 16. HP: 113/126 MP: 30/30
 25052 | Orc:2    | Found Ravog's Armour Emporium.
 25052 | Orc:2    | Found Ladeg's Gadget Emporium.
 25053 | Orc:2    | Found Byis's Armour Emporium.
 25053 | Orc:2    | Found Jemuuske's Food Shoppe.
 25294 | D:14     | Bought a runed helmet for 202 gold pieces
 25294 | D:14     | Bought a glowing helmet for 202 gold pieces
 25462 | Shoals:1 | Entered Level 1 of the Shoals
 25722 | Shoals:1 | HP: 5/127 [snapping turtle (16)]
 27266 | Shoals:2 | HP: 5/128 [snapping turtle (6)]
 27271 | Shoals:2 | Slain by a water elemental

Levels and vault maps discovered:
D:1:      lightli_arrival_statuegarden, layout_basic, chequers_mini_garden
D:2:      layout_basic, first_ration
D:3:      layout_basic, old_standard_altar, roderic_serpentine_path,
          minmay_vboxes
D:4:      layout_cave_pools, gammafunk_temple_overflow_claw,
          cheibriados_altar_1, serial_shops, shop
D:5:      layout_rooms, nicolae_dithmenos_the_darkroom,
          lemuel_zombie_altar_kikubaaqudgha
D:6:      layout_loops_ring, minmay_temple_entry_sparse_star
D:7:      layout_cave_pools, nemelex_xobeh_ov_fountains_minmay,
          kennysheep_little_box, overflow_temple_1_default, serial_gnoll_camp,
          gnoll_camp_mini_house, gnoll_camp_mini_hut, gnoll_camp_huts_basic,
          gnoll_camp_mini_doghouse, gnoll_camp_mini_house, gnoll_camp_mini_basic
D:8:      layout_rooms, kennysheep_mini, nicolae_gozag_seed_capital,
          feat_on_display
D:9:      layout_stronghold, lemuel_crystal_altar
D:10:     minmay_the_grid_square_5x5_4x4 [minmay_the_grid_square_5x5_mess,
          minmay_the_grid_square_5x5_inner_v, minmay_the_grid_square_5x5_z,
          minmay_the_grid_square_5x5_misaligned,
          minmay_the_grid_square_5x5_one_wall,
          minmay_the_grid_square_5x5_prize_deathbox,
          minmay_the_grid_square_5x5_prize_open, minmay_the_grid_square_5x5_n,
          minmay_the_grid_square_5x5_seven,
          minmay_the_grid_square_5x5_prize_rear_guard,
          minmay_the_grid_square_5x5_prize_waves,
          minmay_the_grid_square_5x5_trominoes,
          minmay_the_grid_square_5x5_two_walls_b, minmay_the_grid_square_5x5_v,
          minmay_the_grid_square_5x5_two_small,
          minmay_the_grid_square_5x5_bite], layout_stronghold,
          dpeg_oklobed_lair, serial_shops, nicolae_shop_crystal
D:11:     layout_basic, minmay_door_square, uniq_fannar
D:12:     layout_loops_ring, basic_altar
D:13:     layout_loops_corners, uniq_maurice
D:14:     layout_big_octagon, erik_vaults_1, serial_shops, kennysheep_mini_moat,
          minmay_misc_feat_doors, hangedman_pestilent_swarm, uniq_azrael
D:15:     gammafunk_enter_depths_forms, layout_long_grid, minmay_hedge_maze,
          fedhas_altar_1, uniq_agnes
Temple:   kb_temple_of_zot
Lair:1:   layout_cave_pods, gauntlet_entry_generic,
          nicolae_quartered_pool_little, uniq_urug, uniq_harold
Lair:2:   layout_gridlike, shoals_dummy_entry, uniq_gastronok
Lair:3:   beast_lair_carwin_large_3, layout_layer_cave,
          spider_nest_entry_web_field
Lair:4:   layout_regular_city, minivault_24
Lair:5:   layout_regular_city
Lair:6:   minmay_lair_end_frog_pond, layout_cave_pods,
          dpeg_slime_entry_enclosed_altar
Shoals:1: layout_shoals
Shoals:2: layout_shoals, serial_shops, shop, yaktaur_hedge
Orc:1:    layout_caves, david_defended_altar_orc, uniq_erolcha, uniq_snorg
Orc:2:    st_orc_pillars, layout_caves, basic_altar

Skill      XL: |  1  2  3  4  5  6  7  8  9 10 11 12 13 14 15 16 |
---------------+-------------------------------------------------+-----
Invocations    | 1 2 3 4 5 6 7 8 9 10 11 | 11.6
Short Blades   | 1 2 3 4 5 6 7 8 9 10 | 10.7
Long Blades    | 1 2 3 4 5 6 7 8 9 10 | 10.7
Maces & Flails | 1 2 3 4 5 6 7 8 9 10 | 10.7
Polearms       | 1 2 3 4 5 6 7 8 9 10 | 10.7
Staves         | 1 2 3 4 5 6 7 8 9 10 | 10.7
Slings         | 1 2 3 4 5 6 7 8 9 10 | 10.7
Crossbows      | 1 2 3 4 5 6 7 8 9 10 | 10.7
Throwing       | 1 2 3 4 5 6 7 8 9 10 | 10.7
Dodging        | 1 2 3 4 5 6 7 8 9 10 | 10.7
Stealth        | 1 2 3 4 5 6 7 8 9 10 | 10.7
Unarmed Combat | 1 2 3 4 5 6 7 8 9 10 | 10.7
Spellcasting   | 1 2 3 4 5 6 7 8 9 10 | 10.7
Evocations     | 1 2 3 4 5 6 7 8 9 10 | 10.7
Conjurations   | 1 2 3 4 5 6 7 8 9 |  9.1
Hexes          | 1 2 3 4 5 6 7 8 9 |  9.1
Charms         | 1 2 3 4 5 6 7 8 9 |  9.1
Summonings     | 1 2 3 4 5 6 7 8 9 |  9.1
Necromancy     | 1 2 3 4 5 6 7 8 9 |  9.1
Translocations | 1 2 3 4 5 6 7 8 9 |  9.1
Transmutations | 1 2 3 4 5 6 7 8 9 |  9.1
Fire Magic     | 1 2 3 4 5 6 7 8 9 |  9.1
Ice Magic      | 1 2 3 4 5 6 7 8 9 |  9.1
Air Magic      | 1 2 3 4 5 6 7 8 9 |  9.1
Earth Magic    | 1 2 3 4 5 6 7 8 9 |  9.1
Poison Magic   | 1 2 3 4 5 6 7 8 9 |  9.1
Axes           | 3 4 5 6 7 8 9 10 11 | 11.0
Bows           | 3 4 5 6 7 8 9 10 11 | 11.0
Shields        | 5 6 7 8 9 10 11 | 11.6
Fighting       | 7 8 9 10 11 12 | 12.3
Armour         | 7 8 9 10 11 12 | 12.3

Action                   |  1- 3 |  4- 6 |  7- 9 | 10-12 | 13-15 | 16-18 || total
-------------------------+-------+-------+-------+-------+-------+-------++-------
Melee: Hand axe          |   155 |   208 |       |       |       |       ||   363
       Unarmed           |     2 |       |     1 |       |       |       ||     3
       Bite              |    22 |    26 |    88 |   147 |   318 |    59 ||   660
       War axe           |       |    49 |   447 |   260 |       |       ||   756
       Scimitar          |       |       |       |   319 |  1267 |   225 ||  1811
 Fire: Hand crossbow     |       |       |       |       |    10 |       ||    10
Throw: Boomerang         |       |     3 |       |       |       |       ||     3
 Cast: Silence           |       |       |       |       |       |     1 ||     1
Invok: Slouch            |       |       |       |     3 |     4 |     5 ||    12
       Bend Time         |       |       |       |     1 |       |       ||     1
       Step From Time    |       |       |       |       |     1 |       ||     1
Evoke: Wand              |       |       |       |       |     3 |     2 ||     5
  Use: Scroll            |       |     8 |     1 |    17 |     9 |     2 ||    37
       Potion            |       |       |       |     1 |       |     2 ||     3
 Stab: Distracted        |       |       |     1 |       |       |       ||     1
       Held in net/web   |       |       |       |       |     1 |       ||     1
       Paralysed         |       |       |       |       |     2 |       ||     2
  Eat: Chunk             |       |     8 |     6 |     4 |    11 |       ||    29
       Ration            |       |       |     1 |     3 |     4 |     1 ||     9
Armor: Ring mail         |    53 |    92 |       |       |       |       ||   145
       Chain mail        |       |    28 |   206 |       |       |       ||   234
       Plate armour      |       |       |    80 |   237 |   461 |   104 ||   882
Dodge: Dodged            |    55 |   131 |   155 |   214 |   605 |   172 ||  1332
Block: Shield            |    96 |   152 |   394 |   577 |  1451 |   325 ||  2995
       Reflection        |       |       |       |     3 |    24 |    60 ||    87
       Rpst.: Scimitar   |       |       |       |    19 |   154 |    32 ||   205
